 Dungeon Crawl Stone Soup version 0.13-a0-1606-g53bcbbc (webtiles) character file.

1517 Jafose the Covered (level 8, 0/67 HPs)
             Began as a Minotaur Fighter on June 14, 2013.
             Killed from afar by an orc wizard (8 damage)
             ... with a puff of flame
             ... on Level 6 of the Dungeon.
             The game lasted 00:15:29 (5563 turns).

Jafose the Covered (Minotaur Fighter)               Turns: 5563, Time: 00:15:29

HP   0/67        AC 10     Str 29      XL: 8   Next: 24%
MP   2/2         EV  8     Int  3 (5)  God:
Gold 285         SH 23     Dex  9      Spells:  0 memorised,  7 levels left

Res.Fire  : . . .   See Invis. : .   a - +0,-2 trident
Res.Cold  : . . .   Warding    : .   b - +0 scale mail
Life Prot.: . . .   Conserve   : .   c - +0 shield
Res.Poison: .       Res.Corr.  : .   (helmet restricted)
Res.Elec. : .       Clarity    : .   (no cloak)
Sust.Abil.: . .     Spirit.Shd : .   t - +1 pair of dwarf gauntlets
Res.Mut.  : .       Stasis     : .   (no boots)
Res.Rott. : .       Flight     : .   (no amulet)
Saprovore : . . .                    (no ring)
                                     m - ring of protection from magic

@: mighty, quite resistant to hostile enchantments, extremely unstealthy
A: retaliatory headbutt, horns 2
a: no special abilities


You were on level 6 of the Dungeon.
You were not hungry.

You visited 1 branch of the dungeon, and saw 6 of its levels.

You collected 265 gold pieces.

Inventory:

Hand weapons
 a - a +0,-2 trident (weapon)
Armour
 b - a +0 scale mail (worn)
 c - a +0 shield (worn)
 t - a +1 pair of dwarven gauntlets (worn)
Magical devices
 g - a wand of slowing (0)
Comestibles
 d - 3 bread rations
 i - a choko
 n - a beef jerky
 s - a pear
Scrolls
 e - a scroll of curse weapon {unknown}
 h - 2 scrolls of blinking
 j - 5 scrolls of remove curse
 k - a scroll of enchant weapon I {unknown}
 l - a scroll of enchant weapon II {unknown}
 o - 2 scrolls of recharging
 q - 4 scrolls of teleportation
 u - a scroll of random uselessness {unknown}
 v - 2 scrolls of amnesia
 w - a scroll of identify
Jewellery
 f - an uncursed ring of invisibility
 m - a ring of protection from magic (left hand)
Potions
 p - a potion of might
 r - a potion of flight


   Skills:
 + Level 4.7 Fighting
   Level 0.0 Short Blades
   Level 0.0 Long Blades
   Level 0.0 Axes
   Level 0.0 Maces & Flails
 + Level 5.7 Polearms
   Level 0.0 Staves
   Level 0.0 Slings
   Level 0.0 Bows
   Level 0.0 Crossbows
 + Level 0.0 Throwing
 + Level 6.8 Armour
 + Level 4.6 Dodging
   Level 0.0 Stabbing
 + Level 6.8 Shields
 + Level 1.2 Traps
   Level 0.0 Conjurations
   Level 0.0 Hexes
   Level 0.0 Charms
   Level 0.0 Summonings
   Level 0.0 Necromancy
   Level 0.0 Translocations
   Level 0.0 Transmutations
   Level 0.0 Fire Magic
   Level 0.0 Ice Magic
   Level 0.0 Air Magic
   Level 0.0 Earth Magic
   Level 0.0 Poison Magic
   Level 0.0 Invocations


You had 7 spell levels left.
You didn't know any spells.

Dungeon Overview and Level Annotations

Branches:
Dungeon (6/27)
 Temple: D:4-7          Orc: D:6-11

Altars:
Sif Muna
Zin

Portals:
Ziggurat: D:5 (4280 gp)


Innate Abilities, Weirdness & Mutations

You reflexively headbutt those who attack you in melee.
You have a pair of horns on your head.


Message History

Attack whom?
Press: ? - help, Dir - move target cursor, f/p - orc priest
Aim: an orc priest (moderately wounded)
You reach to attack!
You puncture the orc priest!
You kill the orc priest!
You hear some strange, mumbled words.
The puff of flame hits you!
* * * LOW HITPOINT WARNING * * *
The orc priest becomes somewhat translucent.
Your shield and scale mail prevent you from hitting it.
Your headbutt misses it. It hits you but does no damage.
It hits you but does no damage.
You closely miss it. You block its attack.
Attack whom?
Press: ? - help, Dir - move target cursor, f - orc priest
Aim: an orc priest Something you can't see is in the way.
You barely miss it.
You hear some strange, mumbled words.
The puff of flame hits you!
You die...

## . ..
#....#.######
......o.@...#
....#######.#
#.# #.# #.#
#.## ###.(# .
..##.# ..#
#.##.#


You could see an orc priest.

Vanquished Creatures
  Eustachio (D:5)
  A sky beast (D:5)
  3 ogres
  2 giant frog skeletons (D:4)
  A water moccasin skeleton (D:4)
  4 wights (D:4)
  2 orc priests
  2 crimson imps (D:5)
  2 hounds (D:4)
  2 iguanas
  A jelly (D:5)
  2 orc wizards
  Ijyb (D:5)
  A lemure (D:5)
  4 adders
  An adder zombie (D:5)
  4 gnolls (D:3)
  2 worms
  An ufetubus (D:5)
  A bat zombie (D:5)
  16 orcs
  7 giant cockroaches
  13 hobgoblins
  7 jackals
  2 quokkas
  12 bats
  2 giant geckos (D:1)
  2 giant newts
  12 goblins
  A goblin skeleton (D:5)
  A hobgoblin skeleton (D:5)
  8 kobolds
  A kobold skeleton (D:5)
  A kobold zombie (D:5)
  16 rats
  A rat skeleton (D:5)
140 creatures vanquished.

Vanquished Creatures (others)
  A ball python (D:1)
1 creature vanquished.

Grand Total: 141 creatures vanquished

Notes
Turn   | Place    | Note
--------------------------------------------------------------
     0 | D:1      | Jafose, the Minotaur Fighter, began the quest for the Orb.
     0 | D:1      | Reached XP level 1. HP: 19/19 MP: 0/0
   201 | D:1      | Reached XP level 2. HP: 26/26 MP: 0/0
   236 | D:1      | Reached skill level 4 in Shields
  1016 | D:2      | Paralysed by a potion of paralysis for 4 turns
  1026 | D:2      | Reached XP level 3. HP: 33/33 MP: 1/1
  1673 | D:3      | Reached XP level 4. HP: 30/39 MP: 1/1
  1787 | D:3      | Reached skill level 1 in Dodging
  1790 | D:3      | Reached skill level 1 in Traps
  2037 | D:3      | Found a deep blue altar of Sif Muna.
  2247 | D:3      | Reached XP level 5. HP: 23/46 MP: 1/1
  2532 | D:4      | Reached XP level 4. HP: 35/40 MP: 0/1
  2534 | D:4      | Reached XP level 5. HP: 35/46 MP: 0/1
  2550 | D:4      | Reached skill level 5 in Armour
  2550 | D:4      | Reached skill level 5 in Shields
  2764 | D:4      | Reached XP level 6. HP: 46/53 MP: 2/2
  3379 | D:4      | Noticed an ogre
  3385 | D:4      | Killed an ogre
  3385 | D:4      | Reached XP level 7. HP: 60/60 MP: 2/2
  3559 | D:4      | Reached skill level 5 in Polearms
  3786 | D:5      | Entered Level 5 of the Dungeon
  3791 | D:5      | Reached skill level 6 in Armour
  3804 | D:5      | Noticed Eustachio
  4005 | D:5      | HP: 3/60 [iguana (1)]
  4920 | D:5      | Noticed Ijyb
  4921 | D:5      | Found a glowing silver altar of Zin.
  4940 | D:5      | Killed Ijyb
  4960 | D:5      | Killed Eustachio
  4960 | D:5      | Reached XP level 8. HP: 64/67 MP: 2/2
  5034 | D:5      | Found a gateway to a ziggurat.
  5563 | D:6      | Killed from afar by an orc wizard

Action                   |  1- 3 |  4- 6 |  7- 9 || total
-------------------------+-------+-------+-------++-------
Melee: Trident           |   124 |   120 |   236 ||   480
  Use: Scroll            |     7 |       |     3 ||    10
       Potion            |     2 |     3 |     3 ||     8
